 Dungeon Crawl Stone Soup version 0.19.0-2-gae57169 (webtiles) character file.

277 KrixSyzygy the Destroyer (level 6, -7/32 HPs)
             Began as a Deep Elf Conjurer on Nov 5, 2016.
             Mangled by vaultlich's ghost (11 damage)
             ... on level 4 of the Dungeon.
             The game lasted 00:36:08 (3492 turns).

KrixSyzygy the Destroyer (Deep Elf Conjurer)        Turns: 3492, Time: 00:36:09

Health: -7/32      AC:  3    Str:  7    XL:     6   Next: 4%
Magic:  3/12       EV: 13    Int: 23    God:
Gold:   218        SH:  0    Dex: 15    Spells: 3 memorised, 4 levels left

rFire  . . .     SeeInvis .     (no weapon)
rCold  . . .     Gourm    .     a - +1 robe
rNeg   + . .     Faith    .     (no shield)
rPois  .         Spirit   .     (no helmet)
rElec  .         Reflect  .     (no cloak)
rCorr  .         Harm     .     (no gloves)
MR     .....                    (no boots)
Stlth  ++........               (no amulet)
                                k - ring of positive energy
                                i - +3 ring of intelligence

@: no status effects
A: no striking features
a: no special abilities


You were on level 4 of the Dungeon.
You were not hungry.

You visited 1 branch of the dungeon, and saw 4 of its levels.

You collected 218 gold pieces.

Inventory:

Armour
 a - a +1 robe (worn)
 g - a +0 robe
 h - a +0 robe
 p - a +0 robe
Jewellery
 e - a +4 ring of evasion {unknown}
 i - a +3 ring of intelligence (left hand)
 k - a ring of positive energy (right hand)
 q - a +5 ring of slaying
 s - a +3 ring of strength
Wands
 m - a wand of disintegration (11/24)
Scrolls
 d - 2 scrolls of identify
 f - a scroll of remove curse
 o - a scroll of enchant armour
Potions
 n - a potion of degeneration {unknown}
 r - a potion of might {unknown}
 t - a potion of agility {unknown}
 u - a potion of beneficial mutation {unknown}
Books
 b - a book of Conjurations

   Spells                             Type                      Level
   a - Magic Dart                     Conjuration                  1
   b - Searing Ray                    Conjuration                  2
   c - Dazzling Spray                 Conjuration/Hexes            3
   d - Fulminant Prism                Conjuration/Hexes            4
   e - Iskenderun's Mystic Blast      Conjuration                  4
   f - Iskenderun's Battlesphere      Conjuration/Charms           5
 j - a book of Misfortune

   Spells                             Type                      Level
   a - Confusing Touch                Hexes                        1
   b - Confuse                        Hexes                        3
   c - Gell's Gravitas                Hexes/Translocation          3
   d - Petrify                        Transmutation/Earth          4
   e - Metabolic Englaciation         Hexes/Ice                    5
   f - Yara's Violent Unravelling     Hexes/Transmutation          5
Comestibles
 c - 3 bread rations


   Skills:
 - Level 2.4 Dodging
 - Level 2.4 Stealth
 - Level 0.1 Unarmed Combat
 - Level 3.0 Spellcasting
 + Level 8.0 Conjurations
   Level 0.3 Hexes


You had 4 spell levels left.
You knew the following spells:

 Your Spells              Type           Power        Failure   Level  Hunger
a - Magic Dart            Conj           ####         1%          1    None
b - Searing Ray           Conj           #####.       1%          2    ##.....
c - Iskenderun's Mystic   Conj           #####...     6%          4    ####...


Dungeon Overview and Level Annotations

Branches:
Dungeon (4/15)
 Temple: D:4-7

Altars:
Dithmenos

Annotations:
D:3 Sigmund
D:4 vaultlich's ghost, novice MfSk


Message History

Casting: Searing Ray
Confirm with . or Enter, or press ? or * to list all spells.
Aiming: Searing Ray
Press: ? - help, Shift-Dir - straight line, f/p - vaultlich's ghost
Aim: vaultlich's ghost (moderately damaged)
The searing ray hits vaultlich's ghost.
Vaultlich's ghost is moderately damaged.
Vaultlich's ghost hits you.
The searing ray hits vaultlich's ghost.
Vaultlich's ghost is heavily damaged.
Vaultlich's ghost hits you!
The searing ray hits vaultlich's ghost.
Vaultlich's ghost is severely damaged.
Vaultlich's ghost hits you.
The searing ray misses vaultlich's ghost.
You finish channeling your searing ray.
Vaultlich's ghost hits you!
* * * LOW HITPOINT WARNING * * *
It was a potion of cure mutation.
It has a very clean taste.
Vaultlich's ghost hits you!
You die...

..'.......#'###..⌠....
..#########.## ......≈.$
..####.......# #..≈..≈..
....##.......###.≈≈≈≈≈..
....##............≈≈≈≈..
....##............≈≈≈≈≈.
....##.....=....#...≈..⌠
....##.......####..!....
....##.........W@..#
....##############.#
....# .# ....# .# #...#
# ####


You could see vaultlich's ghost.

Vanquished Creatures
  An ogre (D:4)
  An orc wizard (D:3)
  4 adders
  4 gnolls
  4 dart slugs
  3 leopard geckos
  4 orcs (D:3)
  A ball python (D:3)
  2 giant cockroaches
  7 goblins
  5 hobgoblins
  7 jackals
  5 kobolds
  2 quokkas
  13 bats
  4 frilled lizards
  6 rats
73 creatures vanquished.

Notes
Turn   | Place    | Note
-------+----------+-------------------------------------------
     0 | D:1      | KrixSyzygy the Deep Elf Conjurer began the quest for the Orb.
     0 | D:1      | Reached XP level 1. HP: 10/10 MP: 6/6
   185 | D:1      | Reached XP level 2. HP: 15/15 MP: 6/8
   251 | D:1      | Reached skill level 5 in Conjurations
   412 | D:1      | Learned a level 2 spell: Searing Ray
   736 | D:1      | Reached XP level 3. HP: 19/19 MP: 6/9
  1172 | D:2      | Learned a level 3 spell: Dazzling Spray
  1766 | D:2      | Reached skill level 6 in Conjurations
  1898 | D:2      | Reached XP level 4. HP: 24/24 MP: 6/10
  2328 | D:2      | Learned a level 4 spell: Iskenderun's Mystic Blast
  2750 | D:3      | Reached XP level 5. HP: 28/28 MP: 9/11
  2990 | D:3      | Reached skill level 7 in Conjurations
  3115 | D:3      | Noticed Sigmund
  3281 | D:3      | Found a shadowy altar of Dithmenos.
  3366 | D:4      | Noticed an ogre
  3378 | D:4      | Killed an ogre
  3378 | D:4      | Reached skill level 8 in Conjurations
  3378 | D:4      | Reached XP level 6. HP: 32/32 MP: 1/12
  3467 | D:4      | Noticed vaultlich's ghost (novice MfSk)
  3492 | D:4      | Mangled by vaultlich's ghost

Skill      XL: |  1  2  3  4  5 |
---------------+----------------+-----
Conjurations   | 5 6 8 |  8.0
Dodging        | |  2.4
Stealth        | |  2.4
Unarmed Combat | |  0.1
Spellcasting   | |  3.0
Hexes          | |  0.3

Action                   |  1- 3 |  4- 6 || total
-------------------------+-------+-------++-------
Melee: Unarmed           |     3 |     6 ||     9
 Cast: Magic Dart        |    82 |    45 ||   127
       Searing Ray       |     2 |     9 ||    11
       Iskenderun's Myst |       |     2 ||     2
  Use: Scroll            |     3 |    10 ||    13
       Potion            |       |     1 ||     1
  Eat: Chunk             |     2 |     2 ||     4
       Meat ration       |       |     1 ||     1
Armor: Robe              |     4 |     9 ||    13
Dodge: Dodged            |    17 |    17 ||    34
